cohdb
Replays
Latest Replays
All Replays
Popular Replays
Top Player Replays
Match Explorer
How It Works
Community
CoH3 Stats
Reddit
Sign in to upload your games and track your stats! →
Sign in with Steam
Match 39382459
Unlisted
Match 39382459
Overview
Messages
Build Orders
End
Panzergrenadier Squad
Selects Battlefield Espionage Battlegroup
Selects Sector Subterfuge Beacon
Panzergrenadier Squad
250 Light Carrier
Panzergrenadier Squad
Construct Light Support Kompanie
Selects Transfer Depots
2.5-tonne Medical Truck
Selects 250/3 Funkpanzerwagen
Fire Support Elements
Panzerjäger Mechanized Group
Flakvierling Half-track
Tungsten Core Ammunition
Selects Anti-Tank Incendiary Munitions
a01035350163
BIOHAZARD
0
0
Comments
sign in to comment!
No comments posted yet!